 Dungeon Crawl Stone Soup version 0.29-a0-878-g7b45a56547 (webtiles) character file.

Game seed: 12658542767776489258

3679 Locuples the Cleaver (level 9, 0/78 HPs)
             Began as a Minotaur Fighter on July 20, 2022.
             Was a Follower of Trog.
             Slain by a water moccasin (7 damage)
             ... on level 1 of the Lair of Beasts.
             The game lasted 00:22:03 (7635 turns).

Locuples the Cleaver (Minotaur Fighter)             Turns: 7635, Time: 00:22:04

Health: 0/78       AC: 10    Str: 29    XL:     9   Next: 90%
Magic:  8/8        EV:  9    Int:  5    God:    Trog [*.....]
Gold:   619        SH:  0    Dex: 10    Spells: 8/8 levels left

rFire   + . .      SeeInvis .   a - +0 war axe
rCold   . . .      Faith    .   c - +0 buckler
rNeg    . . .      Spirit   .   s - +0 scale mail of Unbearable Joy {rElec rCorr}
rPois   .          Reflect  .   o - +1 hat
rElec   +          Harm     .   (no cloak)
rCorr   +          Rampage  .   (no gloves)
Will    +....                   j - +0 pair of boots
Stlth   ..........              (no amulet)
HPRegen 0.23/turn               g - ring of Monuop {Wiz *Slow rElec rF+ Str+4}
MPRegen 0.11/turn               C - ring of willpower

@: confused, ambrosia-drunk, marked
A: horns 2, retaliatory headbutt
a: Renounce Religion, Berserk


You were on level 1 of the Lair of Beasts.
You worshipped Trog.
Trog was aware of your devotion.
You visited 3 branches of the dungeon, and saw 10 of its levels.
You also visited: Sewer.

You collected 619 gold pieces.

Inventory:

Hand Weapons
 a - a +0 war axe (weapon)
Armour
 c - a +0 buckler (worn)
 j - a +0 pair of boots (worn)
 o - a +1 hat (worn)
 s - the +0 scale mail of Unbearable Joy (worn) {rElec rCorr}
   (You found it on level 4 of the Dungeon)

   rElec:     It insulates you from electricity.
   rCorr:     It protects you from acid and corrosion.
Jewellery
 g - the ring of Monuop (left hand) {Wiz *Slow rElec rF+ Str+4}
   (You found it on level 2 of the Dungeon)

   [ring of wizardry]

   It improves your spell success rate.
   Str:       It affects your strength (+4).
   rF:        It protects you from fire.
   rElec:     It insulates you from electricity.
   *Slow:     It may slow you when you take damage.
 C - a ring of willpower (right hand)
Scrolls
 e - 2 scrolls of enchant weapon
 i - 3 scrolls of magic mapping
 n - 2 scrolls of fog {unknown}
 q - 3 scrolls of blinking
 r - 2 scrolls of teleportation {unknown}
 u - 2 scrolls of immolation {unknown}
 w - a scroll of torment {unknown}
 y - 2 scrolls of summoning {unknown}
 z - a scroll of silence {unknown}
 B - a scroll of fear {unknown}
 E - 2 scrolls of brand weapon {unknown}
Potions
 k - 2 potions of ambrosia
 m - a potion of cancellation
 p - 2 potions of haste
 x - 6 potions of flight


   Skills:
 + Level 6.9 Fighting
 * Level 13.2 Axes
 + Level 8.7 Armour
 + Level 5.6 Shields


You had 8 spell levels left.
You didn't know any spells.
Your spell library contained the following spells:

 Spells                   Type           Power      Damage    Failure   Level
 Foxfire                  Conj/Fire      0%         2x1d4     45%         1
 Magic Dart               Conj           0%         1d3       45%         1
 Slow                     Hex            0%         N/A       45%         1
 Olgreb's Toxic Radiance  Pois           0%         N/A       99%         4
 Ozocubu's Refrigeration  Ice            0%         4d5       100%        7
 Ignition                 Fire           0%         3d3       100%        8


Dungeon Overview and Level Annotations

Branches:
Dungeon (8/15)             Temple (1/1) D:5            Lair (1/5) D:8
  Sewer (visited)

Altars:
Ashenzari
Dithmenos
Elyvilon
Fedhas
Gozag
Hepliaklqana
Kikubaaqudgha
Makhleb
Nemelex Xobeh
Okawaru
Qazlal
Ru
Sif Muna
Trog
Uskayaw
Vehumet
Yredelemnul
Zin
The Shining One

Shops:
D:4 (   D:5 (:   D:6 (


Innate Abilities, Weirdness & Mutations

You have a pair of horns on your head.
You reflexively headbutt those who attack you in melee.


Message History

You headbutt the bullfrog, but do no damage.
The blink frog hits you but does no damage.
You barely miss the bullfrog. You headbutt the bullfrog!
The bullfrog is severely wounded.
You barely miss the blink frog.
The bullfrog hits you but does no damage.
The blink frog hits you!
* * * LOW HITPOINT WARNING * * *
The blink frog blinks!
You slice the bullfrog!!
You kill the bullfrog!
Trog accepts your kill.
The blink frog attacks as you move away!
The blink frog hits you.
* * * LOW HITPOINT WARNING * * *
The water moccasin bites you but does no damage.
You see here a bullfrog corpse.
You slice the water moccasin!!
The water moccasin is severely wounded.
You slash the blink frog!
The blink frog hits you but does no damage.
The water moccasin misses you. The blink frog hits you!
* * * LOW HITPOINT WARNING * * *
You hit the water moccasin but do no damage.
The water moccasin is severely wounded.
You slash the blink frog!
The water moccasin bites you but does no damage.
The blink frog blinks!
You hit the water moccasin but do no damage.
The water moccasin is severely wounded.
A rime drake comes into view.
The water moccasin bites you but does no damage.
You are confused.
You feel invigorated. The water moccasin barely misses you.
You hit the water moccasin.
The water moccasin is almost dead.
You slash the blink frog! The water moccasin bites you.
* * * LOW HITPOINT WARNING * * *
The blink frog barely misses you. The water moccasin bites you!
You die...

.... .... ... ...
...##.. .#.8.## #....?#
... #8.>.8# #... #.....#
#... ###.†.# #...
########.#@+###
##...##.....#.#.SF..#
........#....#.....#.#
.............#.#...#
.........8...+.#.8....(
...................#...
.....#.#.....#.....#$..#
.....##......##..... .#.
.......#.###..###+#.# .


You could see a blink frog and a water moccasin.

Vanquished Creatures
  Pikel (D:6)
  A hornet (D:7)
  3 blink frogs (Lair:1)
  A spriggan (D:7)
  An orc warrior (D:6)
  Duvessa (D:4)
  An ice beast (D:6)
  5 ogres
  A centaur (D:7)
  A phantom (D:4)
  A lemure (D:6)
  Blork the orc (D:6)
  6 bullfrogs
  A necrophage (D:4)
  2 scorpions
  Dowan (D:4)
  A howler monkey (D:6)
  2 hounds
  3 orc priests
  A jelly (D:6)
  5 iguanas
  5 orc wizards
  6 gnolls
  3 river rats (Sewer)
  13 adders
  3 shadow imps
  2 white imps (D:7)
  An ufetubus (D:5)
  3 worms
  A dart slug (D:1)
  22 orcs
  6 endoplasms
  3 giant cockroaches
  7 hobgoblins
  13 jackals
  8 quokkas
  6 ball pythons
  15 bats
  5 frilled lizards
  13 goblins
  9 kobolds
  7 rats
191 creatures vanquished.

Vanquished Creatures (others)
  4 fungi (D:8)
  8 plants
12 creatures vanquished.

Grand Total: 203 creatures vanquished

Notes
Turn   | Place    | Note
-------+----------+-------------------------------------------
     0 | D:1      | Locuples the Minotaur Fighter began the quest for the Orb.
     0 | D:1      | Reached XP level 1. HP: 19/19 MP: 0/0
     7 | D:1      | Got Thaumaturgy for Rookies
   164 | D:1      | Reached XP level 2. HP: 26/27 MP: 1/1
   387 | D:1      | Reached skill level 3 in Axes
   888 | D:2      | Found a white marble altar of Elyvilon.
   949 | D:2      | Reached XP level 3. HP: 24/33 MP: 2/2
  1377 | D:2      | Reached XP level 4. HP: 13/40 MP: 3/3
  1384 | D:2      | HP: 1/40 [poisoned by a goblin]
  1575 | D:2      | Reached skill level 4 in Axes
  1615 | D:2      | Identified the ring of Monuop {Wiz *Slow rElec rF+ Str+4}
  1689 | D:2      | Found a faded altar of an unknown god.
  1987 | D:3      | Reached XP level 5. HP: 35/47 MP: 4/4
  1987 | D:3      | Found a sacrificial altar of Ru.
  2074 | D:3      | Reached skill level 5 in Axes
  2293 | D:3      | Found a hazy altar of Hepliaklqana.
  2297 | D:3      | Found a radiant altar of Vehumet.
  2301 | D:3      | Found a burning altar of Makhleb.
  2302 | D:3      | Found a shimmering blue altar of Sif Muna.
  2308 | D:3      | Found a sparkling altar of Nemelex Xobeh.
  2472 | D:4      | Noticed Duvessa
  2472 | D:4      | Noticed a phantom
  2473 | D:4      | Noticed Dowan
  2480 | D:4      | Killed Duvessa
  2482 | D:4      | Killed Dowan
  2482 | D:4      | Killed a phantom
  2483 | D:4      | Reached skill level 6 in Axes
  2483 | D:4      | Reached XP level 6. HP: 53/53 MP: 5/5
  2486 | D:4      | Reached skill level 5 in Armour
  2489 | D:4      | Found Tutehew's Firing Range.
  2617 | D:4      | Reached skill level 7 in Axes
  2634 | D:4      | Identified the +0 scale mail of Unbearable Joy {rElec
                  | rCorr}
  2971 | D:4      | Found a blossoming altar of Fedhas.
  3153 | D:4      | Found a glowing drain.
  3159 | Sewer    | Entered a sewer
  3319 | Sewer    | Reached XP level 7. HP: 55/60 MP: 6/6
  3921 | D:5      | Entered Level 5 of the Dungeon
  4120 | D:5      | Identified the +4 trident "Hicaryxkut" {vorpal, *Slow Str+3
                  | Dex+3}
  4130 | D:5      | Found Enigeun's Antique Weapon Emporium.
  4260 | D:5      | Reached skill level 5 in Fighting
  4260 | D:5      | Reached skill level 8 in Axes
  4639 | D:5      | Found a broken altar of Ashenzari.
  4666 | D:5      | Found Vanone's Book Shoppe.
  4879 | D:5      | Found a staircase to the Ecumenical Temple.
  4897 | Temple   | Entered the Ecumenical Temple
  5037 | Temple   | Became a worshipper of Trog the Wrathful
  5213 | D:5      | Reached skill level 9 in Axes
  5213 | D:5      | Reached XP level 8. HP: 68/68 MP: 7/7
  5549 | D:6      | Found Lyapof's Weapon Emporium.
  5630 | D:6      | Found a glowing silver altar of Zin.
  5840 | D:6      | Found a stormy altar of Qazlal.
  5872 | D:6      | Noticed Pikel
  5890 | D:6      | Killed Pikel
  5891 | D:6      | Reached skill level 10 in Axes
  5897 | D:6      | Noticed Blork the orc
  5906 | D:6      | Killed Blork the orc
  5907 | D:6      | Reached skill level 11 in Axes
  5920 | D:6      | Reached skill level 5 in Shields
  5927 | D:6      | Reached XP level 9. HP: 11/75 MP: 8/8
  5966 | D:6      | HP: 1/75 [bullfrog (4)]
  6213 | D:6      | Found a hide-covered altar of Uskayaw.
  6347 | D:6      | Found an opulent altar of Gozag.
  6530 | D:7      | Paralysed by a hornet for 3 turns
  6538 | D:7      | Paralysed by a hornet for 2 turns
  6542 | D:7      | Reached skill level 12 in Axes
  6542 | D:7      | Reached * piety under Trog
  7519 | D:8      | Found a staircase to the Lair.
  7551 | Lair:1   | Entered Level 1 of the Lair of Beasts
  7624 | Lair:1   | Reached skill level 13 in Axes
  7633 | Lair:1   | Noticed a rime drake
  7635 | Lair:1   | Slain by a water moccasin

Illustrated notes

Levels and vault maps discovered:
D:1:      minmay_arrival_cross, layout_basic, minmay_pentomino_t4
D:2:      kennysheep_the_goblin_king, layout_basic, basic_altar,
          dilly_ecumenical_altar_fadedgnrine, mrwooster_statue_mirror,
          minmay_bisected
D:3:      layout_rooms, nicolae_overflow_hallway_of_the_gods,
          nicolae_ru_sacrificial_ziggurat
D:4:      layout_basic, lemuel_tele_altar, gup_sewer_entry_bowl,
          nicolae_shop_firing_range, uniq_duvessa
D:5:      layout_gridville, nicolae_overflow_hidden_temple,
          minmay_temple_entry_junction, serial_shops, kennysheep_mini,
          shop_fountains
D:6:      layout_gridville, general_overflow_altar, nicolae_uskayaw_dance_hall,
          mainiacjoe_overflow_large_starburst, serial_shops,
          nicolae_shop_bloodbath_and_beyond, dk_rats_in_the_wall,
          uniq_blork_the_orc, uniq_pikel
D:7:      layout_basic, nicolae_lava_and_water, the_hattery
D:8:      layout_loops_ring, nicolae_elyvilon_peaceful_grove,
          mainiacjoe_overflow_cross_hatched, dpeg_oklobed_lair, feat_on_display
Temple:   hellmonk_temple_flake
Lair:1:   layout_hall_layers, ebering_ghost_rock_garden, grunt_megastairs_1

Skill      XL: |  1  2  3  4  5  6  7  8  9 |
---------------+----------------------------+-----
Fighting       | 4 5 6 |  6.9
Axes           | 3 4 6 7 9 11 13 | 13.2
Armour         | 4 5 6 7 8 |  8.7
Shields        | 4 5 |  5.6

Action                   |  1- 3 |  4- 6 |  7- 9 || total
-------------------------+-------+-------+-------++-------
Melee: War axe           |    79 |   115 |   227 ||   421
       Headbutt          |    15 |    18 |    34 ||    67
  Use: Potion            |       |     5 |     9 ||    14
       Scroll            |       |       |     8 ||     8
Armor: Scale mail        |    13 |    36 |   122 ||   171
       Plate armour      |    57 |    58 |       ||   115
Dodge: Dodged            |    35 |    50 |    94 ||   179
Block: Buckler           |    18 |    40 |    48 ||   106

Table legend: (Time is in decaauts)
 A = Elapsed time spent in this place.
 B = Non-inter-level travel time spent in this place.
 C = Inter-level travel time spent in this place.
 D = Time resting spent in this place.
 E = Time spent auto-exploring this place.
 F = Levels seen in this place.
 G = Mean time per level.
                   A        B        C        D        E       F      G
               +--------+--------+--------+--------+--------+-----+--------+
         Total |   7881 |   7865 |     16 |    749 |   5096 |  11 |  716.5 |
       Dungeon |   6808 |   6792 |     16 |    749 |   4410 |   8 |  851.0 |
        Temple |    181 |    181 |      0 |      0 |    148 |   1 |  181.0 |
          Lair |     81 |     81 |      0 |      0 |     44 |   1 |   81.0 |
         Sewer |    809 |    809 |      0 |      0 |    494 |   1 |  809.0 |
               +--------+--------+--------+--------+--------+-----+--------+

Top non-repeatable levels by time:
     D:5: 1454 daAuts
     D:7: 1007 daAuts
     D:2: 988 daAuts
     D:6: 953 daAuts
     D:1: 898 daAuts
     D:4: 825 daAuts
   Sewer: 809 daAuts
     D:3: 641 daAuts
  Temple: 181 daAuts
  Lair:1: 81 daAuts
     D:8: 40 daAuts
